 Dungeon Crawl Stone Soup version 0.13.0-3-g966e3ec (webtiles) character file.

352 JacquesDerrida the Gusty (level 5, -2/31 HPs)
             Began as a High Elf Air Elementalist on Oct 13, 2013.
             Slain by an ogre
             ... wielding a +0,+0 giant club
              (32 damage)
             ... on Level 4 of the Dungeon.
             The game lasted 00:10:30 (2161 turns).

JacquesDerrida the Gusty (HEAE)                     Turns: 2161, Time: 00:10:34

HP  -2/31        AC  4     Str  8      XL: 5   Next: 50%
MP   6/12        EV 13     Int 18      God:
Gold 151         SH  0     Dex 16      Spells:  3 memorised,  3 levels left

Res.Fire  : . . .   See Invis. : .   i - +3 quarterstaff (chaos)
Res.Cold  : + + .   Warding    : .   a - +0 elf robe
Life Prot.: . . .   Conserve   : .   (no shield)
Res.Poison: .       Res.Corr.  : .   A - +0 helmet (curse)
Res.Elec. : .       Clarity    : .   s - +0 cloak
Sust.Abil.: . .     Spirit.Shd : .   (no gloves)
Res.Mut.  : .       Stasis     : .   (no boots)
Res.Rott. : .       Flight     : .   (no amulet)
Saprovore : . . .                    w - ring of protection from cold
                                     u - ring of protection from cold

@: slightly resistant to hostile enchantments, fairly stealthy
A: no striking features
a: no special abilities


You were on level 4 of the Dungeon.
You were hungry.

You visited 1 branch of the dungeon, and saw 4 of its levels.

You collected 131 gold pieces.

Inventory:

Hand weapons
 i - a +3,+3 quarterstaff of chaos (weapon)
Missiles
 n - 5 needles of slowing
 D - 4 steel javelins (quivered)
Armour
 a - a +0 elven robe (worn)
 s - a +0 cloak (worn)
 A - a cursed +0 helmet (worn)
Comestibles
 c - 3 bread rations
 d - 16 sultanas
 j - 2 meat rations
 m - a rotting chunk of goblin flesh
 q - a choko
 E - an apple
 F - an orange
 H - a chunk of adder flesh
 I - a chunk of hound flesh
 K - a rotting chunk of rat flesh
Scrolls
 e - a scroll of enchant weapon I {unknown}
 f - 8 scrolls of identify
 g - 2 scrolls of noise {unknown}
 k - 3 scrolls of remove curse {unknown}
 l - 2 scrolls of fear
 o - 2 scrolls of magic mapping {unknown}
 p - a scroll of enchant weapon II {unknown}
 t - 2 scrolls of teleportation {unknown}
 v - a scroll of curse weapon {unknown}
 y - 2 scrolls of random uselessness {unknown}
 z - a scroll of blinking {unknown}
 G - a scroll of curse jewellery {unknown}
Jewellery
 u - a ring of protection from cold (left hand)
 w - a ring of protection from cold (right hand)
Potions
 h - 4 potions of curing {unknown}
 r - 2 potions of paralysis {unknown}
 x - a potion of speed {unknown}
 B - a potion of flight {unknown}
 C - a potion of mutation {unknown}
 J - 2 potions of might {unknown}
 L - a potion of resistance {unknown}
Books
 b - a book of Air

   Spells                             Type                      Level
   *Shock                             Conjuration/Air              1
   *Swiftness                         Charms/Air                   2
   *Repel Missiles                    Charms/Air                   2
   Flight                             Charms/Air                   3
   Static Discharge                   Conjuration/Air              3
   Lightning Bolt                     Conjuration/Air              5


   Skills:
 - Level 2.1 Dodging
 - Level 2.1 Stealth
 - Level 2.0 Spellcasting
 - Level 4.0 Conjurations
 + Level 5.8 Air Magic


You had 3 spell levels left.
You knew the following spells:

 Your Spells              Type           Power        Failure   Level  Hunger
a - Shock                 Conj/Air       ###.         2%          1    #......
b - Swiftness             Chrm/Air       ##........   12%         2    ##.....
c - Repel Missiles        Chrm/Air       ##........   12%         2    ##.....


Dungeon Overview and Level Annotations

Branches:
Dungeon (4/27)
 Temple: D:4-7

Altars:


Message History

The zap misses the ogre.
Casting: Shock
Confirm with . or Enter, or press ? or * to list all spells.
Aiming: Shock
Press: ? - help, Shift-Dir - straight line, p - ogre The zap hits the ogre.
The ogre is lightly wounded.
The zap hits the ogre.
The ogre is moderately wounded.
Casting: Shock
Confirm with . or Enter, or press ? or * to list all spells.
Aiming: Shock
Press: ? - help, Shift-Dir - straight line The zap hits the ogre.
The ogre is heavily wounded.
The zap hits the ogre.
The ogre is heavily wounded.
The ogre hits you with a giant club!
Ouch! That really hurt!
You die...

#########################
.........O...............
........@########........
..........# .......
..........# ..>....
.########.# ....... #.#
...... #.# ...a. #.# ....
#.# . #.#


You could see an ogre.

Vanquished Creatures
  A hound (D:4)
  Crazy Yiuf (D:2)
  A worker ant (D:4)
  2 adders (D:3)
  4 gnolls (D:3)
  A worm (D:3)
  5 bats
  4 giant cockroaches
  8 hobgoblins
  5 kobolds
  A quokka (D:3)
  A giant newt (D:3)
  9 goblins
  3 jackals (D:2)
  8 rats
54 creatures vanquished.

Notes
Turn   | Place    | Note
--------------------------------------------------------------
     0 | D:1      | JacquesDerrida, the High Elf Air Elementalist, began the quest for the Orb.
     0 | D:1      | Reached XP level 1. HP: 11/11 MP: 4/4
   114 | D:1      | Reached skill level 4 in Air Magic
   222 | D:1      | Reached XP level 2. HP: 13/17 MP: 2/5
   237 | D:1      | Learned a level 2 spell: Swiftness
  1059 | D:2      | Reached XP level 3. HP: 21/21 MP: 6/8
  1081 | D:2      | Learned a level 2 spell: Repel Missiles
  1086 | D:2      | Noticed Crazy Yiuf
  1112 | D:2      | Killed Crazy Yiuf
  1458 | D:3      | Reached XP level 4. HP: 24/27 MP: 2/11
  1939 | D:3      | Reached skill level 5 in Air Magic
  1939 | D:3      | Reached XP level 5. HP: 29/31 MP: 7/12
  2141 | D:4      | Noticed an ogre
  2161 | D:4      | Slain by an ogre

Action                   |  1- 3 |  4- 6 || total
-------------------------+-------+-------++-------
Melee: Unarmed           |     1 |       ||     1
       Dagger            |    11 |       ||    11
       Quarterstaff      |     8 |     5 ||    13
Throw: Javelin           |     7 |       ||     7
 Cast: Shock             |    58 |    57 ||   115
       Swiftness         |     1 |       ||     1
  Use: Scroll            |     3 |       ||     3
 Stab: Distracted        |     1 |       ||     1
